 Dungeon Crawl Stone Soup version 0.24.0-1-gfbc8707122 (webtiles) character file.

Game seed: 11187947626471537388, levelgen mode: deterministic

1264 Amplified the Skirmisher (level 8, -10/70 HPs)
             Began as a Minotaur Conjurer on Oct 26, 2019.
             Mangled by an ice beast (19 damage)
             ... on level 5 of the Dungeon.
             The game lasted 00:05:41 (4537 turns).

Amplified the Skirmisher (Minotaur Conjurer)        Turns: 4537, Time: 00:05:43

Health: -10/70     AC:  7    Str: 14    XL:     8   Next: 27%
Magic:  9/9        EV: 12    Int: 12    God:
Gold:   259        SH:  5    Dex: 12    Spells: 8/9 levels left

rFire    + . .     SeeInvis +   e - +2 dagger (venom)
rCold    x . .     Gourm    .   g - +0 buckler
rNeg     . . .     Faith    .   h - +0 ring mail
rPois    .         Spirit   .   (helmet restricted)
rElec    .         Reflect  .   (no cloak)
rCorr    .         Harm     .   (no gloves)
MR       .....                  i - +0 pair of boots
Stlth    +.........             o - amulet of rage
HPRegen  0.21/turn              d - ring of see invisible
MPRegen  0.11/turn              f - ring of fire

@: lethally poisoned (-10 -> -15)
A: retaliatory headbutt, horns 2
a: Evoke Berserk Rage


You were on level 5 of the Dungeon.
You were not hungry.

You visited 1 branch of the dungeon, and saw 5 of its levels.

You collected 259 gold pieces.

Inventory:

Hand Weapons
 b - a +0 short sword
 e - a +2 dagger of venom (weapon)
Armour
 g - a +0 buckler (worn)
 h - a +0 ring mail (worn)
 i - a +0 pair of boots (worn)
 m - the +0 leather armour "Zephirit" {Str+4 Int+5 Dex-2}
   (You took it off an orc on level 4 of the Dungeon)

   It affects your strength (+4).
   It affects your intelligence (+5).
   It affects your dexterity (-2).
Jewellery
 d - a ring of see invisible (left hand)
 f - a ring of fire (right hand)
 o - an amulet of rage (around neck)
Wands
 k - a wand of polymorph (7)
Scrolls
 j - a scroll of identify
 n - 2 scrolls of enchant weapon
 p - 2 scrolls of remove curse
Potions
 l - a potion of cancellation
Comestibles
 c - 8 rations


   Skills:
 * Level 6.1 Fighting
 * Level 5.5 Short Blades
 * Level 4.5 Armour
 * Level 4.8 Dodging
 - Level 1.5 Stealth
 - Level 4.0 Shields
 - Level 1.3 Spellcasting
 - Level 2.9 Conjurations


You had 8 spell levels left.
You knew the following spells:

 Your Spells              Type           Power        Failure   Level  Hunger
a - Magic Dart            Conj           #...         17%         1    ##.....

Your spell library contained the following spells:

 Spells                   Type           Power        Failure   Level  Hunger
 Searing Ray              Conj           #.....       26%         2    ###....
 Dazzling Spray           Conj/Hex       #.....       65%         3    ####...
 Iskenderun's Mystic Bla  Conj           #.......     86%         4    #####..
 Force Lance              Conj/Tloc      #.......     96%         4    #####..
 Fulminant Prism          Conj/Hex       #.........   96%         4    #####..


Dungeon Overview and Level Annotations

Branches:
Dungeon (5/15)
 Temple: D:4-7

Altars:
Ashenzari
Gozag
Hepliaklqana
Nemelex Xobeh
Wu Jian

Annotations:
D:5 Sigmund


Innate Abilities, Weirdness & Mutations

You reflexively headbutt those who attack you in melee.
You have a pair of horns on your head.


Message History

You hit the ice beast but do no damage.
The ice beast is heavily wounded.
The ice beast barely misses you.
Found a scale mail.
A worker ant comes into view.
The worker ant twitches its antennae in your direction.
A worker ant and Sigmund come into view.
Sigmund gestures wildly while chanting.
Sigmund flickers and vanishes for a moment.
The ice beast hits you. The ice beast freezes you!!
You feel a terrible chill!
* * * LOW HITPOINT WARNING * * *
Okay, then.
You feel better. The worker ant bites you.
* * * LOW HITPOINT WARNING * * *
You are poisoned.
The worker ant poisons you! The worker ant closely misses you.
The ice beast hits you.
* * * LOW HITPOINT WARNING * * *
The ice beast freezes you!!
You feel a terrible chill!
You die...

.##.. .... . ... .# # #.. .....
#.###.. .. #...... .## ##.... .#
#.....###....##...###.# .......
.. #....@a.@..# .........#
#....aYo#### .# #
......#..#..........#######.####.
......#..#............[.......#..
...................#.######......
.......#.#.........#.######......
......##.#######...#...o.#.......
.........### #.######..........
......#.<†.### #. ##..........


You could see Sigmund (invisible), an ice beast, 2 worker ants and an orc.

Vanquished Creatures
  Menkaure (D:5)
  A porcupine (D:5)
  A sky beast (D:5)
  3 ogres
  A boggart (D:4)
  3 scorpions
  A howler monkey (D:4)
  A crimson imp (D:5)
  An orc priest (D:4)
  An iguana (D:5)
  3 worker ants
  An orc wizard (D:4)
  2 hound skeletons (D:4)
  4 gnolls (D:5)
  7 adders
  A white imp (D:5)
  2 oozes
  A dart slug (D:4)
  3 leopard geckos
  14 orcs (D:4)
  2 giant cockroaches (D:4)
  8 goblins
  7 hobgoblins
  16 jackals
  A quokka (D:4)
  A ball python (D:2)
  12 bats
  6 frilled lizards
  A giant cockroach zombie (D:5)
  A jackal skeleton (D:5)
  7 kobolds
  A leopard gecko zombie (D:5)
  3 quokka skeletons (D:4)
  7 rats
125 creatures vanquished.

Notes
Turn   | Place    | Note
-------+----------+-------------------------------------------
     0 | D:1      | Amplified the Minotaur Conjurer began the quest for the
                  | Orb.
     0 | D:1      | Reached XP level 1. HP: 14/14 MP: 1/1
   540 | D:1      | Reached skill level 1 in Armour
   588 | D:1      | Reached skill level 1 in Fighting
   633 | D:1      | Reached XP level 2. HP: 12/23 MP: 0/3
  1393 | D:2      | Reached XP level 3. HP: 28/28 MP: 4/4
  1396 | D:2      | Reached skill level 1 in Short Blades
  1546 | D:2      | Found an ornate altar of the Wu Jian Council.
  1681 | D:2      | Found a sparkling altar of Nemelex Xobeh.
  1682 | D:2      | Found an opulent altar of Gozag.
  1682 | D:2      | Noticed an ogre
  1694 | D:2      | Killed an ogre
  1694 | D:2      | Reached skill level 2 in Fighting
  1694 | D:2      | Reached XP level 4. HP: 11/37 MP: 5/5
  1694 | D:2      | Reached XP level 5. HP: 13/42 MP: 6/6
  2388 | D:3      | Reached skill level 3 in Fighting
  2406 | D:3      | Reached skill level 1 in Shields
  2919 | D:3      | Found a hazy altar of Hepliaklqana.
  2931 | D:3      | Found a shattered altar of Ashenzari.
  3098 | D:4      | Noticed an ogre
  3110 | D:4      | Killed an ogre
  3110 | D:4      | Reached XP level 6. HP: 37/52 MP: 7/7
  3146 | D:4      | Reached skill level 4 in Fighting
  3271 | D:4      | Reached XP level 7. HP: 37/60 MP: 8/8
  3416 | D:4      | Identified the +0 leather armour "Zephirit" {Str+4 Int+5
                  | Dex-2}
  3737 | D:4      | Reached skill level 5 in Fighting
  4282 | D:5      | Entered Level 5 of the Dungeon
  4289 | D:5      | Noticed Menkaure
  4303 | D:5      | Killed Menkaure
  4303 | D:5      | Reached skill level 5 in Short Blades
  4389 | D:5      | Noticed Grinder
  4407 | D:5      | Reached XP level 8. HP: 64/70 MP: 9/9
  4408 | D:5      | Noticed Grinder
  4408 | D:5      | Grinder changed into Grinder the white imp
  4414 | D:5      | Killed Grinder the white imp
  4515 | D:5      | Reached skill level 6 in Fighting
  4534 | D:5      | Noticed Sigmund
  4537 | D:5      | Mangled by an ice beast

Levels and vault maps discovered:
D:1:      dpeg_arrival_tiny_c, layout_loops_corners,
          minmay_misc_feat_four_crosses, hangedman_decor_lopped
D:2:      layout_loops_ring, grunt_temple_overflow_opulence, lemuel_doored_altar
D:3:      layout_rooms, amethyst_overflow_temple_binary, roderic_serpentine_path
D:4:      layout_loops_corners
D:5:      layout_rooms, first_ration, uniq_grinder, uniq_menkaure, uniq_sigmund

Skill      XL: |  1  2  3  4  5  6  7  8 |
---------------+-------------------------+-----
Armour         | 1 2 4 |  4.5
Fighting       | 1 2 3 4 5 6 |  6.1
Short Blades   | 2 3 4 5 |  5.5
Dodging        | 3 4 |  4.8
Shields        | 2 3 4 |  4.0
Stealth        | |  1.5
Spellcasting   | |  1.3
Conjurations   | |  2.9

Action                   |  1- 3 |  4- 6 |  7- 9 || total
-------------------------+-------+-------+-------++-------
Melee: Unarmed           |    28 |       |       ||    28
       Headbutt          |     9 |    11 |    29 ||    49
       Dagger            |    56 |   124 |   144 ||   324
 Cast: Magic Dart        |     3 |       |       ||     3
Evoke: Wand              |       |     2 |     2 ||     4
  Use: Potion            |     4 |     5 |     3 ||    12
       Scroll            |     2 |     4 |     1 ||     7
 Stab: Sleeping          |     3 |     1 |       ||     4
  Eat: Chunk             |     2 |     5 |     2 ||     9
       Ration            |       |       |     1 ||     1
Armor: Robe              |    17 |       |       ||    17
       Skin              |     8 |     6 |       ||    14
       Leather armour    |     2 |    24 |       ||    26
       Ring mail         |       |       |    33 ||    33
Dodge: Dodged            |    64 |    59 |    65 ||   188
Block: Buckler           |     1 |    14 |    22 ||    37
